 Dungeon Crawl Stone Soup version 0.27-a0-836-gfc908b8576 (webtiles) character file.

Game seed: 2181262302733940018

65 funkygono the Ducker (level 4, -5/34 HPs)
             Began as a Djinni Gladiator on Mar 31, 2021.
             Slain by a gnoll
             ... wielding a +0 halberd
              (12 damage)
             ... on level 2 of the Dungeon.
             The game lasted 00:02:24 (2323 turns).

funkygono the Ducker (Djinni Gladiator)             Turns: 2323, Time: 00:02:25

Health: -5/34      AC:  4    Str: 13    XL:     4   Next: 13%
Gold:   78         EV: 13    Int: 10    God:
                   SH:  0    Dex: 15

rFire    + + .     SeeInvis .   a - +0 long sword
rCold    x . .     Faith    .   (no shield)
rNeg     . . .     Spirit   .   b - +0 leather armour
rPois    ∞         Reflect  .   c - +0 helmet
rElec    .         Harm     .   (no cloak)
rCorr    .         Rampage  .   (no gloves)
Will     .....                  (boots unavailable)
Stlth    +.........             (no amulet)
HPRegen  0.11/turn              (no ring)
MPRegen  0.00/turn              (no ring)

@: flying
A: fire resistance 2, cold vulnerability 1, float, innate caster, hp casting,
extra vitality 1
a: no special abilities


You were on level 2 of the Dungeon.
You visited 1 branch of the dungeon, and saw 2 of its levels.

You collected 78 gold pieces.

Inventory:

Hand Weapons
 a - a +0 long sword (weapon)
 e - a +2 whip of venom
Missiles
 d - 3 throwing nets (quivered)
Armour
 b - a +0 leather armour (worn)
 c - a +0 helmet (worn)
Magical Staves
 f - a staff of poison
Scrolls
 h - a scroll of enchant weapon {unknown}
Potions
 g - 2 potions of curing {unknown}
 i - a potion of magic {unknown}


   Skills:
 + Level 2.3 Fighting
 + Level 3.3 Long Blades
 + Level 1.8 Throwing
 * Level 1.3 Armour
 + Level 3.5 Dodging
 * Level 1.0 Spellcasting


You had 4 spell levels left.
You knew the following spells:

 Your Spells              Type           Power      Damage    Failure   Level
a - Foxfire               Conj/Fire      8%         2x1d4     28%         1
Your spell library was empty.

Dungeon Overview and Level Annotations

Branches:
Dungeon (2/15)

Altars:
Ru


Innate Abilities, Weirdness & Mutations

You are immune to poison.
Your flesh is very heat resistant. (rF++)
You are vulnerable to cold. (rC-)
You float through the air rather than walking.
You learn spells naturally, not from books.
Your magical power is your life essence.
You have superior vitality. (+4 HP)


Message History

* * * LOW HITPOINT WARNING * * *
The gnoll misses you.
Casting: Foxfire (safe; 30% risk of failure)
Confirm with . or Enter, or press ? or * to list all spells.
You conjure some foxfire!
* * * LOW HITPOINT WARNING * * *
The foxfire hits the gnoll.
The gnoll is severely wounded.
The foxfire hits the gnoll.
The gnoll is almost dead.
Casting: Foxfire (safe; 30% risk of failure)
Confirm with . or Enter, or press ? or * to list all spells.
You conjure some foxfire!
* * * LOW HITPOINT WARNING * * *
The foxfire hits the gnoll.
The gnoll is almost dead.
The foxfire hits the gnoll.
You kill the gnoll!
Your Spellcasting skill increases to level 1!
You have reached level 4!
You feel agile.
There is an open door here.
Casting: Foxfire (safe; 28% risk of failure)
Confirm with . or Enter, or press ? or * to list all spells.
You conjure some foxfire!
* * * LOW HITPOINT WARNING * * *
The foxfire hits the gnoll.
The gnoll is lightly wounded.
The foxfire hits the gnoll.
The gnoll is moderately wounded.
Casting: Foxfire (safe; 28% risk of failure)
Confirm with . or Enter, or press ? or * to list all spells.
You conjure some foxfire!
* * * LOW HITPOINT WARNING * * *
Your foxfire dissipates!
The foxfire hits the gnoll.
The gnoll is heavily wounded.
You reach down and open the door.
The gnoll hits you from afar with a +0 halberd!
You die...

##.# #.............#.# ...#
###.#####.###.#<# ...# #.#
#.###.#.# #### ##'## #.......##
## ##...## #####....# .###
##.....## ####.# #..##
##....>..## ##.##.#
....####.........####...#.#
.).....'.....gg.@'......).#
....####.........####...#.#####
##.## ##.......## #.........#
#### ##..†..## #.###.###.# #
##...## #.#...# #.# #### ##'##
#.#.### #.# ...# #.#
#.#.#####.# ##.###### #.#
#.........# ........# ##.##
###<#######


You could see 2 gnolls.

Vanquished Creatures
  A gnoll (D:2)
  2 adders (D:2)
  A dart slug (D:2)
  2 endoplasms (D:1)
  2 giant cockroaches (D:1)
  2 goblins (D:1)
  2 hobgoblins
  3 jackals (D:1)
  3 quokkas
  3 ball pythons (D:1)
  6 bats
  A frilled lizard (D:1)
  3 kobolds
  2 rats (D:1)
33 creatures vanquished.

Vanquished Creatures (others)
  35 foxfires
35 creatures vanquished.

Grand Total: 68 creatures vanquished

Notes
Turn   | Place    | Note
-------+----------+-------------------------------------------
     0 | D:1      | funkygono the Djinni Gladiator began the quest for the Orb.
     0 | D:1      | Reached XP level 1. HP: 18/18 MP: 0/0
   142 | D:1      | Reached XP level 2. HP: 13/23 MP: 0/0
   739 | D:1      | Reached XP level 3. HP: 27/28 MP: 0/0
   739 | D:1      | Learned a level 1 spell: Foxfire
  1832 | D:2      | Reached skill level 1 in Armour
  2243 | D:2      | Found a sacrificial altar of Ru.
  2309 | D:2      | Reached skill level 1 in Spellcasting
  2309 | D:2      | Reached XP level 4. HP: 7/34 MP: 0/0
  2323 | D:2      | Slain by a gnoll

Illustrated notes

Levels and vault maps discovered:
D:1:      dpeg_arrival_fog, layout_basic
D:2:      layout_loops_corners, lemuel_round_altar

Skill      XL: |  1  2  3 |
---------------+----------+-----
Long Blades    | 3 |  3.3
Armour         | 1 |  1.3
Spellcasting   | 1 |  1.0
Fighting       | |  2.3
Throwing       | |  1.8
Dodging        | |  3.5

Action                   |  1- 3 |  4- 6 || total
-------------------------+-------+-------++-------
Melee: Long sword        |    49 |       ||    49
 Cast: Foxfire           |    21 |     2 ||    23
  Use: Scroll            |     1 |       ||     1
Armor: Leather armour    |    25 |       ||    25
Dodge: Dodged            |    48 |       ||    48
       Rpst.: Long sword |    18 |       ||    18

Table legend: (Time is in decaauts)
 A = Elapsed time spent in this place.
 B = Non-inter-level travel time spent in this place.
 C = Inter-level travel time spent in this place.
 D = Time resting spent in this place.
 E = Time spent auto-exploring this place.
 F = Levels seen in this place.
 G = Mean time per level.
                   A        B        C        D        E       F      G
               +--------+--------+--------+--------+--------+-----+--------+
         Total |   2335 |   2281 |     54 |      0 |   1990 |   2 | 1167.5 |
       Dungeon |   2335 |   2281 |     54 |      0 |   1990 |   2 | 1167.5 |
               +--------+--------+--------+--------+--------+-----+--------+

Top non-repeatable levels by time:
     D:1: 1281 daAuts
     D:2: 1053 daAuts
